 Dungeon Crawl Stone Soup version 0.19.5 (webtiles) character file.

126 HAWKINGL3623 the Magician (level 4, 0/24 HPs)
             Began as a Deep Elf Wizard on Apr 9, 2017.
             Succumbed to an adder's poison
             ... on level 2 of the Dungeon.
             The game lasted 00:19:53 (4360 turns).

HAWKINGL3623 the Magician (Deep Elf Wizard)         Turns: 4360, Time: 00:19:54

Health: 0/24       AC:  2    Str:  4    XL:     4   Next: 84%
Magic:  9/13       EV: 13    Int: 24    God:
Gold:   154        SH:  0    Dex: 13    Spells: 6 memorised, 2 levels left

rFire  . . .     SeeInvis .     f - +0 dagger
rCold  . . .     Gourm    .     a - +0 robe
rNeg   . . .     Faith    .     (no shield)
rPois  .         Spirit   .     b - +0 hat
rElec  .         Reflect  .     (no cloak)
rCorr  .         Harm     .     (no gloves)
MR     .....                    (no boots)
Stlth  ++........               (no amulet)
                                (no ring)
                                i - ring of wizardry

@: lethally poisoned (0 -> -5)
A: blurry vision 1, deformed body, shaggy fur 1
a: no special abilities


You were on level 2 of the Dungeon.
You were not hungry.

You visited 1 branch of the dungeon, and saw 3 of its levels.

You collected 154 gold pieces.

Inventory:

Hand Weapons
 f - a +0 dagger (weapon)
 h - a +2 vampiric short sword
Missiles
 e - 155 stones (quivered)
Armour
 a - a +0 robe (worn)
 b - a +0 hat (worn)
Jewellery
 i - a ring of wizardry (left hand)
Scrolls
 g - 4 scrolls of identify
 j - 2 scrolls of remove curse
Books
 c - a book of Minor Magic

   Spells                             Type                      Level
   a - Magic Dart                     Conjuration                  1
   b - Blink                          Translocation                2
   c - Call Imp                       Summoning                    2
   d - Repel Missiles                 Charms/Air                   2
   e - Slow                           Hexes                        2
   f - Conjure Flame                  Conjuration/Fire             3
   g - Mephitic Cloud                 Conjuration/Poison/Air       3
 k - a book of Misfortune

   Spells                             Type                      Level
   a - Confusing Touch                Hexes                        1
   b - Confuse                        Hexes                        3
   c - Gell's Gravitas                Hexes/Translocation          3
   d - Petrify                        Transmutation/Earth          4
   e - Metabolic Englaciation         Hexes/Ice                    5
   f - Yara's Violent Unravelling     Hexes/Transmutation          5
Comestibles
 d - 3 bread rations


   Skills:
 + Level 0.2 Fighting
 + Level 0.8 Short Blades
 + Level 3.7 Dodging
 + Level 3.2 Stealth
 + Level 5.7 Spellcasting
 + Level 2.1 Conjurations
 + Level 1.2 Summonings
 + Level 1.1 Translocations
 + Level 0.2 Poison Magic


You had 2 spell levels left.
You knew the following spells:

 Your Spells              Type           Power        Failure   Level  Hunger
a - Magic Dart            Conj           ###.         1%          1    None
b - Call Imp              Summ           ##......     4%          2    None
c - Blink                 Tloc           N/A          4%          2    None
d - Repel Missiles        Chrm/Air       #.....       6%          2    None
e - Slow                  Hex            #.......     6%          2    None
f - Mephitic Cloud        Conj/Pois/Air  ##......     9%          3    #......


Dungeon Overview and Level Annotations

Branches:
Dungeon (3/15)

Altars:


Innate Abilities, Weirdness & Mutations

Scrolls take you a little longer to read.
Armour fits poorly on your strangely shaped body.
You are covered in fur. (AC +1)


Message History

The quokka barely misses you.
You hit the quokka but do no damage.
The quokka is severely wounded.
The quokka bites you.
* * * LOW HITPOINT WARNING * * *
You hit the quokka.
You kill the quokka!
Casting: Call Imp
Confirm with . or Enter, or press ? or * to list all spells.
You can't see any susceptible monsters within range! (Use Z to cast anyway.)
Casting: Call Imp
Confirm with . or Enter, or press ? or * to list all spells.
Okay, then.
Casting: Call Imp
Confirm with . or Enter, or press ? or * to list all spells.
You can't see any susceptible monsters within range! (Use Z to cast anyway.)
Casting: Call Imp
Confirm with . or Enter, or press ? or * to list all spells.
A shadowy apparition takes form in the air.
You die...

#.# #........# .#
#.# #........# #
#.# ##+#..#### #.#
#..... #.# #.#####
#.# #....# #.#
#....#
#.##########....##
## #
#......@.5.......#
#. .
########5........#
#.## #.........#
#.#. #.........#
#.#. #.........#
#.#. #.........#
#.#. #.........#
#.'.
################.
#...'.


You could see a friendly crimson imp and a friendly shadow imp.

Vanquished Creatures
  Ijyb (D:2)
  2 adders
  An ooze (D:3)
  3 leopard geckos
  2 orcs (D:3)
  9 giant cockroaches
  5 goblins
  5 hobgoblins
  3 quokkas
  4 ball pythons
  10 bats
  5 frilled lizards
  3 kobolds
  7 rats
60 creatures vanquished.

Vanquished Creatures (collateral kills)
  An adder (D:2)
  A worm (D:2)
  A dart slug (D:2)
  4 giant cockroaches (D:2)
  2 goblins
  2 hobgoblins (D:1)
11 creatures vanquished.

Grand Total: 71 creatures vanquished

Notes
Turn   | Place    | Note
-------+----------+-------------------------------------------
     0 | D:1      | HAWKINGL3623 the Deep Elf Wizard began the quest for the Orb.
     0 | D:1      | Reached XP level 1. HP: 10/10 MP: 7/7
    13 | D:1      | Gained mutation: Scrolls take you a little longer to read. [potion of mutation]
    13 | D:1      | Gained mutation: You are covered in fur. (AC +1) [potion of mutation]
    13 | D:1      | Gained mutation: Armour fits poorly on your strangely shaped body. [potion of mutation]
   208 | D:1      | Reached XP level 2. HP: 15/15 MP: 3/9
   311 | D:1      | Learned a level 2 spell: Call Imp
   314 | D:1      | Learned a level 2 spell: Blink
   317 | D:1      | Learned a level 2 spell: Repel Missiles
   320 | D:1      | Learned a level 2 spell: Slow
   433 | D:1      | Reached skill level 5 in Spellcasting
  1575 | D:2      | Noticed Ijyb
  1579 | D:2      | Paralysed by Ijyb for 7 turns
  1675 | D:3      | Reached XP level 3. HP: 14/19 MP: 11/11
  1680 | D:3      | Learned a level 3 spell: Mephitic Cloud
  3390 | D:2      | Reached XP level 4. HP: 24/24 MP: 10/13
  4139 | D:2      | Killed Ijyb
  4358 | D:2      | HP: 1/24 [quokka (4)]
  4360 | D:2      | Succumbed to an adder's poison

Skill      XL: |  1  2  3  4 |
---------------+-------------+-----
Spellcasting   | 5 |  5.7
Conjurations   | 2 |  2.1
Stealth        | 3 |  3.2
Dodging        | 3 |  3.7
Fighting       | |  0.2
Short Blades   | |  0.8
Summonings     | |  1.2
Translocations | |  1.1
Poison Magic   | |  0.2

Action                   |  1- 3 |  4- 6 || total
-------------------------+-------+-------++-------
Melee: Unarmed           |    10 |       ||    10
       Dagger            |   107 |   142 ||   249
Throw: Stone             |     5 |     1 ||     6
 Cast: Magic Dart        |    56 |    25 ||    81
       Call Imp          |     7 |     7 ||    14
       Mephitic Cloud    |     3 |     2 ||     5
       Blink             |       |     4 ||     4
       Slow              |       |     1 ||     1
  Use: Potion            |     5 |     1 ||     6
       Scroll            |     6 |     1 ||     7
 Stab: Sleeping          |     5 |     1 ||     6
       Confused          |     1 |     3 ||     4
  Eat: Chunk             |     6 |     4 ||    10
       Beef jerky        |     1 |       ||     1
Armor: Robe              |    24 |    49 ||    73
Dodge: Dodged            |    99 |   183 ||   282
